Map: Eternal Empire LE

Players

A.I. 2 (Very Easy)

  • Race: Terran Terran
  • Spawn Location: 7:00

starkiller - Winner!

  • Race: Zerg Zerg
  • Spawn Location: 1:00

VOD

Have the link to the VOD?

Description

Time

  • Played on: Sept. 29, 2020, 12:30 p.m.
  • Length: 11:17
Show
View Real Time Build Order
Export as new Build Order

A.I. 2 (Very Easy) Terran 

Build Orders:  

Get SALT Encoding   

  12  0:00  SCV  
  13  0:13  SCV  
  14  0:19  Supply Depot  
  14  0:37  Refinery  
  14  0:43  Barracks  
  14  1:06  Supply Depot  
  14  1:13  Refinery  
  14  1:30  Marine  
  14  1:31  SCV  
  16  1:43  SCV  
  17  1:55  SCV  
  18  2:02  Marine  
  18  2:07  SCV  
  20  2:19  SCV  
  21  2:31  SCV  
  21  2:34  Marine  
  23  2:44  Orbital Command  
  23  5:47  SCV  
  23  5:48  Marine  
  23  5:49  Supply Depot  
  25  5:51  Factory  
  24  6:05  SCV  
  23  6:16  Marine  
  23  6:17  SCV  
  25  6:29  SCV  
  25  6:32  Supply Depot  
  25  6:41  SCV  
  25  6:42  Starport  
  25  6:45  Marine  
  27  6:52  Command Center  
  27  6:54  SCV  
  27  7:05  Command Center  
  27  7:06  SCV  
  28  7:14  Marine  
  29  7:18  SCV  
  29  7:19  Starport Tech Lab  
  30  7:26  Supply Depot  
  28  7:30  SCV  
  28  7:38  Raven  
  28  7:42  Command Center, SCV  
  28  7:43  Hellion  
  32  7:54  SCV  
  33  8:06  SCV  
  33  8:11  Marine  
  34  8:18  SCV  
  35  8:21  Raven  
  37  8:30  SCV  
  36  8:40  Marine  
  35  8:42  SCV  
  33  8:55  SCV  
  30  9:07  SCV  
  33  9:10  Hellion  
  32  9:19  SCV  
  33  9:31  SCV  
  33  9:38  Marine  
  33  9:43  SCV  
  33  9:44  Command Center  
  33  10:04  Command Center  
  33  10:06  Marine  
  33  10:33  Command Center  
  33  10:35  Marine  
  35  10:53  Supply Depot  
  35  10:54  SCV  
Show
View Real Time Build Order
Export as new Build Order

starkiller Zerg - Winner!

Build Orders: Hatch First, Muta Ling Bane 

Get SALT Encoding   

  12  0:00  Drone  
  13  0:12  Overlord  
  13  0:19  Drone  
  14  0:30  Drone x2  
  14  0:34  Drone  
  17  0:54  Hatchery  
  16  0:57  Drone  
  16  1:03  Drone  
  18  1:11  Extractor  
  18  1:18  Spawning Pool  
  16  1:20  Drone  
  16  1:22  Drone  
  18  1:28  Drone  
  19  1:38  Overlord  
  19  1:51  Drone  
  20  2:05  Queen x2  
  20  2:06  Zergling x4  
  26  2:11  Drone  
  26  2:15  Metabolic Boost  
  27  2:18  Drone  
  28  2:24  Drone  
  29  2:33  Drone x2  
  31  2:40  Drone  
  31  2:41  Queen  
  34  2:49  Drone x2  
  36  2:54  Lair  
  36  2:55  Extractor  
  35  3:00  Overlord  
  35  3:02  Drone  
  36  3:16  Overlord  
  36  3:20  Drone x3  
  36  3:21  Drone x2  
  36  3:25  Drone x2  
  36  3:27  Drone  
  44  3:32  Extractor x2  
  44  3:33  Drone  
  43  3:35  Drone  
  43  3:41  Drone  
  45  3:45  Drone  
  45  3:46  Drone x2  
  48  3:51  Spire  
  47  3:55  Drone x3  
  47  4:00  Overlord  
  50  4:03  Drone  
  50  4:04  Drone  
  50  4:09  Overlord  
  52  4:20  Zergling x8  
  56  4:25  Overlord  
  56  4:30  Drone  
  57  4:40  Hatchery  
  56  5:02  Mutalisk x3  
  56  5:03  Mutalisk x5  
  72  5:07  Overlord  
  72  5:15  Drone x3  
  72  5:19  Evolution Chamber  
  72  5:20  Evolution Chamber  
  73  5:21  Roach Warren  
  73  5:23  Drone x3  
  73  5:25  Drone  
  76  5:30  Drone x3  
  79  5:36  Overlord  
  79  5:40  Drone x3  
  79  5:42  Drone  
  83  5:46  Zerg Missile Weapons Level 1  
  83  5:48  Zerg Ground Armor Level 1  
  83  5:53  Drone x2  
  83  5:55  Drone  
  86  5:58  Drone  
  87  6:07  Drone x4  
  87  6:09  Extractor x2, Glial Reconstitution  
  89  6:12  Drone x4  
  89  6:13  Drone  
  89  6:15  Drone  
  95  6:22  Overlord  
  95  6:29  Hatchery, Overlord  
  94  6:33  Roach  
  94  6:34  Roach  
  94  6:39  Overlord  
  98  6:40  Queen  
  98  6:42  Roach x3  
  98  6:45  Overlord  
  98  6:46  Overlord  
  106  6:48  Roach x3  
  106  6:50  Roach  
  114  6:56  Overlord x2  
  114  6:57  Overlord  
  114  6:59  Roach  
  114  7:01  Roach  
  118  7:02  Roach  
  118  7:03  Roach  
  118  7:06  Roach  
  118  7:08  Roach  
  126  7:09  Roach  
  126  7:11  Roach  
  126  7:12  Roach  
  126  7:14  Roach  
  134  7:17  Roach x2  
  134  7:19  Roach  
  134  7:21  Roach  
  134  7:22  Roach  
  144  7:25  Roach  
  144  7:26  Roach  
  144  7:27  Roach  
  150  7:32  Roach  
  150  7:36  Overlord x2  
  152  7:37  Roach x2  
  152  7:39  Roach  
  152  7:42  Roach  
  160  7:45  Overlord  
  160  7:49  Roach x2  
  164  7:52  Roach  
  164  7:53  Roach  
  164  7:56  Ravager  
  164  7:57  Ravager x13  
  182  8:00  Roach  
  182  8:01  Overlord  
  182  8:04  Roach x2  
  188  8:06  Roach  
  188  8:09  Roach  
  192  8:19  Roach x4  
  200  8:30  Zerg Ground Armor Level 2  
  200  8:38  Baneling Nest  
  200  8:40  Infestation Pit  
  198  8:43  Drone x2  
  200  8:52  Zerg Melee Weapons Level 1  
  200  8:53  Drone x2  
  200  9:03  Overlord  
  200  9:09  Drone x10  
  200  9:10  Hatchery  
  200  9:13  Extractor x2, Drone x3  
  200  9:16  Overlord  
  200  9:27  Centrifical Hooks, Hive  
  200  9:39  Baneling x5  
  200  9:40  Baneling x7  
  200  9:49  Overlord  
  200  10:39  Ultralisk Cavern  
  199  10:54  Zergling x2  
Tags
 
Composition
Muta Ling Bane
Matchup
TvZ
Spawn Locations
Cross Positions
Add a new tag
Caveats
  • Supply blocks, unpowered buildings, or Contaminate may cause inaccurate times.
  • Supply counts are checked every 10 seconds.